Map: Ruinas de Endión

Players

xXkazperXx

  • Race: Zerg Zerg
  • League: Bronze

RANURA DE IA (Difícil) - Winner!

  • Race: Zerg Zerg

VOD

Have the link to the VOD?

Description

Time

  • Played on: April 8, 2016, 6:17 p.m.
  • Length: 5:40
Show
View Real Time Build Order
Export as new Build Order

xXkazperXx Zerg 

Build Orders: Pool First 

Get SALT Encoding   

  12  0:01  Drone  
  13  0:15  Extractor  
  13  0:19  Drone x2  
  14  0:36  Spawning Pool  
  14  0:37  Drone  
  14  0:46  Overlord  
  14  1:05  Drone x3  
  17  1:22  Queen  
  19  1:37  Extractor, Drone x2  
  20  1:53  Zergling x2  
  21  1:54  Hatchery  
  21  1:58  Zergling x2  
  21  2:13  Zergling x2  
  21  2:15  Overlord  
  22  2:25  Lair  
  22  2:46  Evolution Chamber  
  22  2:49  Metabolic Boost  
  21  2:52  Drone x2  
  21  2:57  Drone  
  24  3:03  Drone  
  24  3:25  Drone x2  
  26  3:34  Roach Warren  
  25  3:35  Drone x2  
  25  3:36  Drone  
  28  3:51  Drone x3  
  31  4:16  Spine Crawler  
  30  4:26  Roach x2  
  30  4:27  Roach  
  36  4:33  Overlord  
  36  4:51  Drone x3  
  36  4:52  Drone x3  
  42  4:56  Spine Crawler  
  41  5:03  Hatchery  
  40  5:08  Drone  
  40  5:10  Drone x2  
  40  5:12  Drone  
Show
View Real Time Build Order
Export as new Build Order

RANURA DE IA (Difícil) Zerg - Winner!

Build Orders: Pool First 

Get SALT Encoding   

  12  0:01  Drone  
  13  0:12  Overlord  
  13  0:17  Drone  
  14  0:30  Drone  
  14  0:32  Drone  
  16  0:43  Spawning Pool  
  16  0:45  Drone  
  16  0:49  Drone  
  17  0:52  Extractor  
  17  0:55  Drone  
  17  1:06  Overlord  
  17  1:30  Queen  
  17  1:31  Zergling x2  
  20  1:36  Roach Warren  
  20  1:37  Zergling x2  
  20  1:38  Drone  
  21  1:42  Extractor  
  20  1:49  Drone  
  21  2:00  Drone  
  22  2:10  Overlord  
  22  2:21  Drone  
  23  2:32  Roach  
  23  2:36  Drone  
  26  2:38  Roach  
  26  2:42  Overlord  
  28  2:44  Roach  
  30  2:54  Roach  
  32  3:05  Roach  
  34  3:08  Drone  
  34  3:11  Roach, Overlord  
  37  3:17  Drone  
  38  3:27  Baneling Nest  
  38  3:28  Drone  
  38  3:37  Evolution Chamber  
  38  3:38  Roach  
  38  3:40  Drone  
  40  3:41  Drone  
  40  3:43  Drone  
  42  3:50  Drone  
  43  4:01  Drone  
  44  4:11  Roach  
  46  4:49  Evolution Chamber, Overlord  
  45  4:53  Drone  
  46  5:10  Hatchery  
  45  5:19  Drone  
Tags
 
Add a new tag
Caveats
  • Supply blocks, unpowered buildings, or Contaminate may cause inaccurate times.
  • Supply counts are checked every 10 seconds.